 Dungeon Crawl Stone Soup version 0.24.0-13-gcf9b3192b9 (webtiles) character file.

Game seed: 15128855236681937543, levelgen mode: classic

430550 EnegeticOcto the Sorcerer (level 22, -10/120 HPs)
             Began as a Spriggan Fire Elementalist on Nov 9, 2019.
             Was the Champion of Vehumet.
             Mangled by a caustic shrike (33 damage)
             ... on level 2 of the Depths.
             The game lasted 02:50:05 (64520 turns).

EnegeticOcto the Sorcerer (SpFE)                   Turns: 64520, Time: 02:50:05

Health: -10/120    AC:  7    Str:  5    XL:     22   Next: 83%
Magic:  23/64      EV: 34    Int: 24    God:    Vehumet [******]
Gold:   1489       SH:  0    Dex: 18    Spells: 6/66 levels left

rFire    + + .     SeeInvis +   f - staff of power
rCold    . . .     Gourm    .   (shield currently unavailable)
rNeg     . . .     Faith    .   G - +2 robe {rC+ rF+}
rPois    .         Spirit   .   E - +4 hat of Elitism {rElec}
rElec    +         Reflect  .   Z - +2 cloak of the Thief {+Fog Slay-2 SInv Stlth+}
rCorr    .         Harm     .   (gloves unavailable)
MR       +++..                  (boots unavailable)
Stlth    ++++......             S - amulet of magic regeneration
HPRegen  0.30/turn              t - ring of wizardry
MPRegen  0.64/turn              Q - ring of fire

@: corroded, very slightly contaminated, starving, deflect missiles, very quick
A: very small, unfitting armour, see invisible, herbivore, speed 3, slow
metabolism 2
}: 2/15 runes: serpentine, barnacled
a: Renounce Religion, Evoke Fog


You were on level 2 of the Depths.
You worshipped Vehumet.
Vehumet was exalted by your worship.
You were starving.

You visited 9 branches of the dungeon, and saw 41 of its levels.
You visited 1 bazaar.
You also visited: Ossuary.

You collected 4621 gold pieces.
You spent 3132 gold pieces at shops.

Inventory:

Missiles
 v - 12 throwing nets (quivered) {!f}
Armour
 E - the +4 hat of Elitism (worn) {rElec}
   (You bought it in a shop on level 2 of the Orcish Mines)

   It insulates you from electricity.
 G - a +2 robe of resistance (worn)
 H - a +2 cloak of poison resistance
 T - a scarf of cloud immunity
 Z - the +2 cloak of the Thief (worn) {+Fog Slay-2 SInv Stlth+}
   (You found it on level 3 of the Elven Halls)

   It affects your accuracy and damage with ranged weapons and melee attacks
   (-2).
   It lets you see invisible.
   It makes you more stealthy.
Magical Staves
 f - an uncursed staff of power (weapon)
Jewellery
 t - a ring of wizardry (left hand)
 O - the ring "Qugrelela" {-Tele +Fly Int+3 Stlth-}
   (You found it on level 1 of the Depths)

   [ring of attention]

   It affects your intelligence (+3).
   It lets you fly.
   It prevents most forms of teleportation.
   It makes you less stealthy.
 Q - a ring of fire (right hand)
 S - an amulet of magic regeneration (around neck)
 Y - the ring of Harmony {+Inv rC+ MR- rCorr Int+3}
   (You took it off a deep elf mage on level 3 of the Elven Halls)

   [ring of resist corrosion]

   It affects your intelligence (+3).
   It protects you from cold.
   It affects your resistance to hostile enchantments.
   It lets you turn invisible.
   It provides partial protection from all sources of acid and corrosion.
Wands
 m - a wand of iceblast (21)
 y - a wand of clouds (6)
 A - a wand of acid (10)
 B - a wand of digging (21)
 F - a wand of paralysis (7)
 X - a wand of enslavement (17)
Scrolls
 d - 5 scrolls of fear {!r}
 h - 2 scrolls of summoning
 i - 2 scrolls of vulnerability
 j - 2 scrolls of silence
 l - 4 scrolls of blinking {@r4}
 n - 9 scrolls of teleportation {@r3 !r}
 s - 2 scrolls of teleportation {@r3}
 x - 3 scrolls of enchant armour
 I - a scroll of magic mapping {@r5 !r}
 J - 5 scrolls of identify {@r1}
 K - 5 scrolls of amnesia
 R - a scroll of holy word
 U - 5 scrolls of fog {!r}
 V - 7 scrolls of immolation
Potions
 c - 4 potions of agility {@q5 !q}
 g - 6 potions of lignification {@q6}
 k - 3 potions of might {@q3 !q}
 o - a potion of magic
 p - 5 potions of resistance
 r - 3 potions of ambrosia
 w - 7 potions of curing {@q1}
 z - 10 potions of flight
 C - 3 potions of mutation
 D - 5 potions of heal wounds {@q2 !q}
 L - 4 potions of brilliance
 M - 8 potions of haste {@q4 !q}
 N - 4 potions of cancellation
 P - a potion of invisibility
 W - 8 potions of curing {@q1 !q}
Miscellaneous
 a - a lamp of fire
 b - a fan of gales
 q - a phial of floods
 u - a sack of spiders
Comestibles
 e - 19 rations


   Skills:
 + Level 14.2 Fighting
 - Level 18.0 Dodging
 - Level 5.1 Stealth
 + Level 22.8 Spellcasting
 - Level 9.0 Conjurations
 - Level 12.7 Charms
 - Level 8.0 Summonings
 - Level 5.0 Necromancy
 - Level 5.2 Translocations
 - Level 15.0 Fire Magic
 - Level 6.0 Air Magic
 - Level 10.0 Earth Magic
 - Level 15.0 Evocations


You had 6 spell levels left.
You knew the following spells:

 Your Spells              Type           Power        Failure   Level  Hunger
a - Iron Shot             Conj/Erth      ######....   1%          6    #......
b - Bolt of Magma         Conj/Fire/Erth #######...   1%          5    None
c - Conjure Flame         Conj/Fire      #######.     1%          3    None
e - Fireball              Conj/Fire      #######...   1%          5    None
f - Ignition              Fire           #######...   2%          8    ######.
g - Apportation           Tloc           ######       1%          1    None
h - Deflect Missiles      Chrm/Air       ######....   1%          6    #......
i - Spellforged Servitor  Conj/Summ      ######....   4%          7    ####...
j - Orb of Destruction    Conj           ######....   3%          7    ####...
k - Dispel Undead         Necr           ######..     1%          5    None
l - Swiftness             Chrm/Air       ######..     1%          2    None
T - Regeneration          Chrm/Necr      ######....   1%          3    None
Y - Blink                 Tloc           N/A          1%          2    None

Your spell library contained the following spells:

 Spells                   Type           Power        Failure   Level  Hunger
 Fire Storm               Conj/Fire      #######...   65%         9    #######
 Glaciate                 Conj/Ice       #####.....   100%        9    #######
 Tornado                  Air            ######....   100%        9    #######
 Flame Tongue             Conj/Fire      #####        0%          1    None
 Infusion                 Chrm           ####         0%          1    None
 Song of Slaying          Chrm           ######..     0%          2    None
 Throw Flame              Conj/Fire      ######       0%          2    None
 Animate Skeleton         Necr           N/A          1%          1    None
 Confusing Touch          Hex            ####..       1%          1    None
 Magic Dart               Conj           ####         1%          1    None
 Pain                     Necr           ####         1%          1    None
 Sting                    Conj/Pois      ####         1%          1    None
 Summon Small Mammal      Summ           ####         1%          1    None
 Call Imp                 Summ           ######..     1%          2    None
 Corpse Rot               Necr           N/A          1%          2    None
 Ensorcelled Hibernation  Hex/Ice        ####..       1%          2    None
 Searing Ray              Conj           ######       1%          2    None
 Shroud of Golubria       Chrm/Tloc      ######       1%          2    None
 Slow                     Hex            ####....     1%          2    None
 Sublimation of Blood     Necr           ######....   1%          2    None
 Confuse                  Hex            ####....     1%          3    None
 Dazzling Spray           Conj/Hex       #####.       1%          3    None
 Gell's Gravitas          Tloc           ######....   1%          3    None
 Ignite Poison            Fire/Tmut/Pois ######..     1%          3    None
 Inner Flame              Hex/Fire       #######.     1%          3    None
 Lesser Beckoning         Tloc           ######....   1%          3    None
 Mephitic Cloud           Conj/Pois/Air  ######..     1%          3    None
 Ozocubu's Armour         Chrm/Ice       ######..     1%          3    None
 Spectral Weapon          Hex/Chrm       ######..     1%          3    None
 Teleport Other           Tloc           ######..     1%          3    None
 Vampiric Draining        Necr           ######....   1%          3    None
 Animate Dead             Necr           N/A          1%          4    None
 Force Lance              Conj/Tloc      ######..     1%          4    None
 Fulminant Prism          Conj/Hex       #####.....   1%          4    None
 Iskenderun's Mystic Bla  Conj           ######..     1%          4    None
 Leda's Liquefaction      Hex/Erth       ######....   1%          4    None
 Petrify                  Tmut/Erth      ######..     1%          4    None
 Sticky Flame             Conj/Fire      #######.     1%          4    None
 Agony                    Necr           ######..     1%          5    None
 Bolt of Draining         Conj/Necr      ######....   1%          5    None
 Borgnjor's Vile Clutch   Necr/Erth      ######....   1%          5    None
 Excruciating Wounds      Chrm/Necr      ######....   1%          5    None
 Irradiate                Conj/Tmut      #####.....   1%          5    None
 Iskenderun's Battlesphe  Conj/Chrm      ######..     1%          5    None
 Lightning Bolt           Conj/Air       ######....   1%          5    None
 Bolt of Fire             Conj/Fire      #######...   1%          6    #......
 Shadow Creatures         Summ           N/A          3%          6    #......
 Silence                  Hex/Air        #####.....   4%          5    None
 Yara's Violent Unravell  Hex/Tmut       ####......   4%          5    None
 Bolt of Cold             Conj/Ice       #####.....   4%          6    #......
 Cause Fear               Hex            ####......   6%          4    None
 Statue Form              Tmut/Erth      ######...    11%         6    #......
 Alistair's Intoxication  Tmut/Pois      ####....     16%         5    None
 Metabolic Englaciation   Hex/Ice        ####......   16%         5    None
 Darkness                 Hex            ####......   61%         6    #......
 Ring of Flames           Chrm/Fire      #######...   1%          7    ####...
 Haunt                    Necr/Summ      ######....   32%         7    ####...
 Death's Door             Chrm/Necr      ######....   65%         8    ######.
 Shatter                  Erth           ######....   86%         9    #######
 Dragon Form              Tmut           ####......   99%         7    ####...
 Borgnjor's Revivificati  Necr           ######....   99%         8    ######.
 Infestation              Necr           ######....   99%         8    ######.
 Discord                  Hex            ####......   100%        8    ######.
 Necromutation            Tmut/Necr      #####.....   100%        8    ######.
 Dragon's Call            Summ           ######....   100%        9    #######


Dungeon Overview and Level Annotations

Branches:
Dungeon (15/15)            Temple (1/1) D:7            Lair (6/6) D:9
 Shoals (4/4) Lair:4        Snake (4/4) Lair:3        Slime (0/5) Lair:6
    Orc (2/2) D:12            Elf (3/3) Orc:2        Vaults (4/5) D:14
  Crypt (0/3) Vaults:3     Depths (2/5) D:15        Ossuary (visited)

Altars:
Ashenzari
Cheibriados
Dithmenos
Fedhas
Gozag
Makhleb
Nemelex Xobeh
Qazlal
Sif Muna
Uskayaw
Vehumet
Wu Jian
Xom
Zin
The Shining One

Shops:
D:4 (   D:6 :   D:12 }   D:15 ?**=(   Orc:2 ([**[   Elf:2 [   Snake:3 ![[
Vaults:1 (   Vaults:3 *

Portals:
Hell: Depths:1 Depths:2

Annotations:
D:13 1 runed translucent door
D:14 4 runed translucent doors, Lyshog's ghost, adept GrEE; Yrugaosi's ghost, journeyman OgTm
Lair:4 exclusion: 4 oklob plants
Lair:6 exclusion: 3 oklob plants, Josephine
Snake:3 1 runed translucent door
Orc:1 Harold
Elf:2 3 runed translucent doors
Depths:2 1 exclusion


Innate Abilities, Weirdness & Mutations

You are very small and have problems with some larger weapons.
You are too small for most types of armour.
You have supernaturally acute eyesight. (SInv)
You are a herbivore.
You cover ground extremely quickly.
You need to consume almost no food.


Message History

The caustic shrike resists.
The caustic shrike is severely wounded.
The fireball engulfs the caustic shrike!
The caustic shrike resists.
The caustic shrike is almost dead.
The fireball engulfs the caustic shrike!
The caustic shrike resists.
The caustic shrike is heavily wounded.
The caustic shrike claws you!!
You are splashed with acid!
The caustic shrike misses you. The caustic shrike barely misses you.
The caustic shrike claws you!
You are splashed with acid!
The caustic shrike claws you!!
* * * LOW HITPOINT WARNING * * *
The acid corrodes you!
You are splashed with acid!
* * * LOW HITPOINT WARNING * * *
Blink to where?
Press: ? - help, Dir - move target cursor You are very lightly contaminated with residual magic.
As you read the scroll of blinking {@r4}, it crumbles to dust.
Casting: Ignition (slightly dangerous; 2% risk of failure)
Confirm with . or Enter, or press ? or * to list all spells.
You feel a surge of power!
The air bursts into flame!
The fireball engulfs the caustic shrike.
The caustic shrike resists.
The caustic shrike is almost dead.
The fireball engulfs the caustic shrike!
The caustic shrike resists.
The caustic shrike is heavily wounded.
The fireball engulfs the caustic shrike!
The caustic shrike resists.
The caustic shrike is heavily wounded.
The fireball engulfs the caustic shrike!
The caustic shrike resists.
The caustic shrike is severely wounded.
The fireball engulfs the caustic shrike!
The caustic shrike resists.
The caustic shrike is severely wounded.
You are near starving!
Casting: Ignition (slightly dangerous; 2% risk of failure)
Confirm with . or Enter, or press ? or * to list all spells.
You feel a surge of power!
The air bursts into flame!
The fireball engulfs the caustic shrike!
The caustic shrike resists.
The caustic shrike is almost dead.
The fireball engulfs the caustic shrike!
The caustic shrike resists.
The caustic shrike is severely wounded.
The fireball engulfs the caustic shrike.
The caustic shrike resists.
The caustic shrike is almost dead.
The fireball engulfs the caustic shrike!
The caustic shrike resists.
The caustic shrike is almost dead.
The fireball engulfs the caustic shrike!
The caustic shrike resists.
The caustic shrike is heavily wounded.
The fireball engulfs the caustic shrike.
The caustic shrike resists.
You kill the caustic shrike!
Vehumet accepts your kill.
You feel your power returning.
The fireball engulfs the caustic shrike!
The caustic shrike resists.
The caustic shrike is severely wounded.
The fireball engulfs the caustic shrike!
The caustic shrike resists.
The caustic shrike is almost dead.
The fireball engulfs the caustic shrike!
The caustic shrike resists.
The caustic shrike is severely wounded.
The fireball engulfs the caustic shrike!
The caustic shrike resists.
You kill the caustic shrike!
Vehumet accepts your kill.
You feel your power returning.
The fireball engulfs the caustic shrike!
The caustic shrike resists.
The caustic shrike is almost dead.
Casting: Ignition (slightly dangerous; 2% risk of failure)
Confirm with . or Enter, or press ? or * to list all spells.
You feel a surge of power!
The air bursts into flame!
The fireball engulfs the caustic shrike!
The caustic shrike resists.
The caustic shrike is almost dead.
The fireball engulfs the caustic shrike.
The caustic shrike resists.
The caustic shrike is almost dead.
The fireball engulfs the caustic shrike!
The caustic shrike resists.
The caustic shrike is almost dead.
The fireball engulfs the caustic shrike!
The caustic shrike resists.
The caustic shrike is almost dead.
The fireball engulfs the caustic shrike.
The caustic shrike resists.
The caustic shrike is almost dead.
You are starving!
You hear a horrible gurgling sound!
The caustic shrike claws you!!
You die...

#......# #..# #..........##..#
#......# #..####..........##..#
#......# #....................#
#......# #....................#
#......# #.........b......##..#
#......# #................#...#
#......# #......b.........[#).#
#......# #....>.b...^.##..##..#
#......###.....@......##..##).#
#.....................#...##))#
#......................#..##))##
#......###............##..##....
##......#
#............##..##....
........#
#............##..##..##
.?......# #............##......#
##......# #..........[.##......#
#......# #............##......#


You could see 3 caustic shrikes.

Vanquished Creatures
  A juggernaut (Depths:2)
  Mennas (Vaults:2)
  Saint Roka (Orc:2)
  11 caustic shrikes (Depths:2)
  Rupert (D:12)
  Jorgrun (D:13)
  2 liches
  A deep elf blademaster (Elf:3)
  2 deep elf master archers (Elf:3)
  Frances (D:14)
  4 sphinxes
  Donald (Vaults:4)
  Roxanne (D:14)
  2 shadow dragons
  A storm dragon (Depths:2)
  7 nagarajas
  2 tengu reavers (Vaults:4)
  A balrug (Depths:1)
  4 fire giants
  10 vault wardens
  4 deep elf sorcerers
  3 frost giants
  An orc warlord (Orc:2)
  A ghoul (Vaults:4)
  2 war gargoyles
  5 deep elf elementalists (Elf:3)
  14 ironheart preservers
  3 very ugly things (Depths:2)
  A vampire knight (Depths:2)
  9 stone giants
  6 deep elf demonologists
  2 entropy weavers
  4 spark wasps (Depths:2)
  9 deep elf annihilators
  Snorg (Lair:5)
  6 merfolk javelineers (Shoals:4)
  2 ettins
  6 fire dragons
  8 yaktaur captains
  10 deep elf death magi
  2 deep elf high priests (Elf:3)
  A blizzard demon (Depths:1)
  10 merfolk impalers
  7 great orbs of eyes
  12 hydras
  2 ice dragons
  3 vault guards
  16 naga warriors
  5 rakshasas
  2 spriggan air magi (Depths:2)
  2 alligator snapping turtles
  9 centaur warriors
  13 ogre magi
  A catoblepas (Lair:3)
  8 anacondas
  8 merfolk avatars
  12 dancing weapons
  5 death knights
  35 two-headed ogres
  6 deep troll shamans
  6 merfolk aquamancers
  5 deep troll earth magi
  3 tengu warriors
  A spriggan berserker (Depths:2)
  3 orc high priests (Orc:2)
  13 naga sharpshooters
  A shock serpent (Snake:4)
  3 salamander mystics
  23 deep elf knights
  3 sun demons (Depths:1)
  An iron troll (Depths:1)
  4 skeletal warriors
  2 flayed ghosts
  24 deep trolls
  4 unseen horrors
  2 glowing orange brains (Vaults:4)
  5 naga ritualists
  7 wizards
  11 sea snakes
  A deep troll (shapeshifter) (D:13)
  17 orc knights
  14 harpies
  16 ironbrand convokers
  18 deep elf archers
  17 ugly things
  Pikel (D:4)
  8 mana vipers
  41 deep elf magi
  A necromancer (D:15)
  9 orc sorcerers
  A wolf spider (Vaults:2)
  2 oklob plants (Lair:6)
  10 cyclopes
  A salamander (shapeshifter) (Vaults:3)
  10 manticores
  10 salamanders
  6 water nymphs
  8 elephants (Lair:4)
  8 merfolk sirens
  16 naga magi
  8 vault sentinels
  39 black mambas
  6 guardian serpents
  3 gargoyles
  A storm dragon simulacrum (Vaults:3)
  8 spiny frogs
  3 centaur zombies
  A smoke demon (Depths:1)
  42 yaktaurs
  2 spiny frogs (shapeshifter) (Depths:2)
  An efreet (D:15)
  A kobold demonologist (D:15)
  4 ice devils (Depths:1)
  6 freezing wraiths
  10 komodo dragons
  2 tengu conjurers (Depths:1)
  39 merfolk
  4 hornets
  A queen bee (shapeshifter) (Vaults:1)
  6 trolls
  A jumping spider (shapeshifter) (Vaults:3)
  2 polar bears
  A queen bee (D:12)
  8 wind drakes
  5 dream sheep (Lair:4)
  8 snapping turtles
  18 slime creatures
  5 blink frogs (Lair:4)
  6 hippogriffs
  Sigmund (D:5)
  A redback (shapeshifter) (Vaults:1)
  3 human simulacra
  7 air elementals
  A shadow (D:15)
  16 water elementals
  A centaur simulacrum (D:13)
  8 wraiths
  43 yaks
  4 wyverns
  A basilisk (Lair:4)
  A golden eye (shapeshifter) (Vaults:1)
  A human (shapeshifter) (Vaults:1)
  Grum (D:9)
  2 steam dragons
  7 vampire mosquitoes (D:15)
  A redback simulacrum (D:15)
  4 fire elementals
  2 hungry ghosts
  Edmund (D:5)
  8 wargs
  66 nagas
  A soldier ant (D:12)
  3 acid dragons
  13 water moccasins
  38 orc warriors
  8 porcupines
  4 sky beasts
  A black bear (D:3)
  20 centaurs
  34 ogres
  2 phantoms
  25 boggarts
  13 crocodiles
  4 wolves (D:9)
  3 big kobolds
  3 earth elementals
  11 bullfrogs
  A wyvern zombie (D:9)
  3 scorpions
  7 killer bees
  7 wights
  15 electric eels
  2 howler monkeys (D:6)
  7 crimson imps
  A quasit (D:9)
  3 bullfrog zombies (D:12)
  9 centaur skeletons
  21 orc priests
  7 hounds
  8 jellies
  2 bullfrog skeletons
  33 orc wizards
  Ijyb (D:5)
  2 iguanas
  7 worker ants
  2 hound skeletons
  8 mummies (Ossuary)
  2 howler monkey zombies (D:8)
  A worker ant zombie (D:11)
  3 gnolls (D:2)
  12 adders
  A howler monkey skeleton (D:4)
  3 shadow imps
  7 white imps (Depths:1)
  6 oozes
  An adder zombie (D:8)
  4 worms
  2 dart slugs
  7 leopard geckos
  76 orcs
  6 giant cockroaches
  5 hobgoblins
  10 jackals
  4 quokkas
  2 ball pythons
  5 bats
  7 frilled lizards
  2 gnoll zombies (Ossuary)
  9 goblins
  3 hobgoblin zombies (Ossuary)
  25 kobolds
  A leopard gecko zombie (D:9)
  3 orc zombies (Ossuary)
  9 rats
  3 crawling corpses (Elf:3)
  2 plants (Shoals:4)
1618 creatures vanquished.

Vanquished Creatures (collateral kills)
  Sojobo (Vaults:4)
  A deep elf blademaster (Elf:3)
  Asterion (Snake:4)
  3 nagarajas (Snake:4)
  2 very ugly things (Depths:2)
  A stone giant (Depths:1)
  A deep elf annihilator (Depths:2)
  A deep elf death mage (Elf:3)
  An anaconda (Snake:4)
  2 death yaks (Shoals:2)
  2 naga sharpshooters (Snake:4)
  A naga ritualist (Snake:4)
  An ugly thing (Depths:2)
  2 deep elf magi (Elf:1)
  2 naga magi (Snake:4)
  2 black mambas (Snake:4)
  A porcupine (Lair:4)
  6 nagas (Snake:4)
  2 crimson imps (Depths:1)
33 creatures vanquished.

Vanquished Creatures (others)
  A merfolk aquamancer (Shoals:4)
  A black mamba (Lair:4)
  A water elemental (Elf:1)
  2 orc warriors (Orc:2)
  A centaur (Shoals:4)
  An orc wizard (Orc:1)
  10 fungi
  22 plants
39 creatures vanquished.

Grand Total: 1690 creatures vanquished

Notes
Turn   | Place    | Note
-------+----------+-------------------------------------------
     0 | D:1      | EnegeticOcto the Spriggan Fire Elementalist began the quest
                  | for the Orb.
     0 | D:1      | Reached XP level 1. HP: 9/9 MP: 5/5
   139 | D:1      | Reached skill level 3 in Spellcasting
   302 | D:1      | Reached XP level 2. HP: 13/13 MP: 4/7
  1000 | D:2      | Learned a level 2 spell: Throw Flame
  1114 | D:2      | Reached XP level 3. HP: 16/16 MP: 2/9
  1440 | D:2      | Reached skill level 5 in Stealth
  1440 | D:2      | Reached skill level 4 in Spellcasting
  1725 | D:2      | Reached XP level 4. HP: 21/21 MP: 1/11
  2408 | D:2      | Learned a level 3 spell: Conjure Flame
  2442 | D:2      | Reached skill level 5 in Spellcasting
  2590 | D:3      | Found a faded altar of an unknown god.
  2628 | D:3      | Noticed a black bear
  2651 | D:3      | Killed a black bear
  2651 | D:3      | Reached skill level 6 in Spellcasting
  2651 | D:3      | Reached XP level 5. HP: 23/24 MP: 0/14
  3677 | D:4      | Reached XP level 6. HP: 23/28 MP: 11/16
  3844 | D:4      | Reached skill level 7 in Spellcasting
  4096 | D:4      | Noticed Pikel
  4096 | D:4      | Noticed a slave
  4096 | D:4      | Noticed a slave
  4100 | D:4      | Noticed a slave
  4102 | D:4      | Noticed a slave
  4115 | D:4      | Killed Pikel
  4115 | D:4      | Reached skill level 8 in Spellcasting
  4115 | D:4      | Reached XP level 7. HP: 32/32 MP: 0/19
  4306 | D:4      | Found Edepn's Antique Weapon Shop.
  4840 | D:4      | Learned a level 4 spell: Sticky Flame
  4871 | D:5      | Entered Level 5 of the Dungeon
  4906 | D:5      | Reached skill level 1 in Conjurations
  5083 | D:5      | Got an iridescent short sword
  5084 | D:5      | Identified the cursed +0 short sword of Internal Strife
                  | {venom, *Drain rPois rF+} (You found it on level 5 of the
                  | Dungeon)
  5219 | D:5      | Noticed Edmund
  5220 | D:5      | Noticed Sigmund
  5374 | D:5      | Found a sparkling altar of Nemelex Xobeh.
  5388 | D:5      | Killed Sigmund
  5388 | D:5      | Reached skill level 1 in Fighting
  5388 | D:5      | Reached skill level 9 in Spellcasting
  5388 | D:5      | Reached XP level 8. HP: 15/37 MP: 6/22
  5539 | D:5      | Killed Edmund
  5684 | D:5      | Noticed Ijyb
  5690 | D:5      | Killed Ijyb
  6253 | D:6      | Reached skill level 1 in Evocations
  6606 | D:6      | Found Nage's Book Emporium.
  6761 | D:6      | Found a shadowy altar of Dithmenos.
  7854 | D:7      | Reached XP level 9. HP: 32/43 MP: 12/23
  7869 | D:7      | Reached skill level 5 in Dodging
  8032 | D:7      | Reached skill level 10 in Spellcasting
  8531 | D:7      | Found a staircase to the Ecumenical Temple.
  8542 | Temple   | Entered the Ecumenical Temple
  8570 | Temple   | Became a worshipper of Vehumet
  9728 | D:8      | Reached skill level 11 in Spellcasting
  9920 | D:8      | Reached * piety under Vehumet
  9920 | D:8      | Offered knowledge of Sting by Vehumet.
 10135 | D:8      | Found a sand-covered staircase.
 10146 | Ossuary  | Entered an ossuary
 10784 | D:8      | Reached skill level 12 in Spellcasting
 11091 | D:8      | Reached XP level 10. HP: 49/49 MP: 12/27
 11546 | D:8      | Learned a level 5 spell: Fireball
 11816 | D:9      | Offered knowledge of Throw Frost by Vehumet.
 11933 | D:9      | Found a staircase to the Lair.
 11964 | D:9      | Reached ** piety under Vehumet
 12007 | D:9      | Reached skill level 5 in Fire Magic
 12177 | D:9      | Reached skill level 13 in Spellcasting
 12669 | D:9      | Noticed Grum
 12681 | D:9      | Killed Grum
 12965 | D:9      | Reached skill level 5 in Conjurations
 13332 | D:9      | Offered knowledge of Static Discharge by Vehumet.
 13356 | D:9      | Reached *** piety under Vehumet
 13718 | D:9      | Reached skill level 14 in Spellcasting
 13775 | D:10     | Entered Level 10 of the Dungeon
 13972 | D:10     | Reached XP level 11. HP: 52/52 MP: 20/30
 14141 | D:10     | Offered knowledge of Stone Arrow by Vehumet.
 14141 | D:10     | Noticed a two-headed ogre
 14160 | D:10     | Killed a two-headed ogre
 14584 | D:10     | Reached skill level 15 in Spellcasting
 14844 | D:10     | Reached **** piety under Vehumet
 15301 | D:10     | Offered knowledge of Fulminant Prism by Vehumet.
 15500 | Lair:1   | Entered Level 1 of the Lair of Beasts
 15955 | Lair:1   | Noticed a five-headed hydra
 15967 | Lair:1   | Killed a five-headed hydra
 16105 | Lair:1   | Reached skill level 5 in Evocations
 16168 | Lair:1   | Noticed a six-headed hydra
 16175 | Lair:1   | Killed a six-headed hydra
 17476 | Lair:2   | Reached skill level 5 in Fighting
 17477 | Lair:2   | Reached XP level 12. HP: 60/60 MP: 11/32
 18123 | Lair:3   | Found a staircase to the Snake Pit.
 18464 | Lair:3   | Noticed a catoblepas
 18897 | Lair:3   | Killed a catoblepas
 19355 | Lair:4   | Noticed a six-headed hydra
 19437 | Lair:4   | Killed a six-headed hydra
 19598 | Lair:4   | Reached ***** piety under Vehumet
 19598 | Lair:4   | Offered knowledge of Bolt of Cold by Vehumet.
 19830 | D:6      | Bought a book of the Earth for 715 gold pieces
 19836 | D:6      | Learned a level 5 spell: Bolt of Magma
 20122 | Lair:4   | Reached skill level 1 in Earth Magic
 20138 | Lair:4   | Reached skill level 10 in Dodging
 20315 | Lair:4   | Found a staircase to the Shoals.
 20405 | Lair:4   | Reached skill level 16 in Spellcasting
 21241 | Lair:5   | Noticed Snorg
 21249 | Lair:5   | Killed Snorg
 21249 | Lair:5   | Reached XP level 13. HP: 61/67 MP: 11/34
 22420 | Lair:6   | Entered Level 6 of the Lair of Beasts
 22420 | Lair:6   | Noticed Josephine
 22806 | Lair:6   | Found a staircase to the Slime Pits.
 23128 | Lair:6   | Offered knowledge of Iskenderun's Mystic Blast by Vehumet.
 24267 | D:11     | Learned a level 6 spell: Iron Shot
 25195 | D:12     | Found a staircase to the Orcish Mines.
 25308 | D:12     | Noticed Rupert
 25323 | D:12     | Killed Rupert
 25323 | D:12     | Reached skill level 5 in Earth Magic
 25323 | D:12     | Reached XP level 14. HP: 74/74 MP: 9/35
 25518 | D:12     | Noticed Nessos
 25519 | D:12     | Noticed Nessos
 25519 | D:12     | Nessos changed into Nessos the fire crab
 25522 | D:12     | Noticed Nessos
 25522 | D:12     | Nessos the fire crab changed into Nessos the queen bee
 25526 | D:12     | Killed Nessos the queen bee
 25635 | D:12     | Found Zeubiul's Gadget Shop.
 25728 | Orc:1    | Entered Level 1 of the Orcish Mines
 25874 | Orc:1    | Noticed a stone giant
 25916 | Orc:1    | Killed a stone giant
 26133 | Orc:2    | Entered Level 2 of the Orcish Mines
 26152 | Orc:2    | Offered knowledge of Poison Arrow by Vehumet.
 26293 | Orc:2    | Reached skill level 17 in Spellcasting
 26376 | Orc:2    | Identified the Compendium of the Blaze
 26385 | Orc:2    | Learned a level 6 spell: Deflect Missiles
 26415 | Orc:2    | Found a staircase to the Elven Halls.
 26488 | Orc:2    | Noticed Saint Roka
 26638 | Orc:2    | Killed Saint Roka
 26638 | Orc:2    | Reached skill level 1 in Air Magic
 26760 | Orc:1    | Noticed Harold
 26878 | Orc:2    | Noticed an orc warlord
 27055 | Orc:2    | Killed an orc warlord
 27596 | Orc:2    | Found Firad's Weapon Emporium.
 27599 | Orc:2    | Found a radiant altar of Vehumet.
 28720 | Orc:2    | Found Xiarad's Antique Armour Shop.
 28732 | Orc:2    | Found Nyfyapt's Assorted Antiques.
 28743 | Orc:2    | Offered knowledge of Lightning Bolt by Vehumet.
 28891 | Orc:2    | Bought a slimy hat for 297 gold pieces
 28894 | Orc:2    | Identified the +4 hat of Elitism {rElec} (You bought it in
                  | a shop on level 2 of the Orcish Mines)
 28903 | Orc:2    | Found Boeru's Armour Emporium.
 28905 | Orc:2    | Found Nokutu Modgh's General Store.
 28916 | Orc:2    | Bought a scroll of fear for 56 gold pieces
 28916 | Orc:2    | Bought a potion of heal wounds for 80 gold pieces
 28926 | Orc:2    | Bought a scroll of identify for 80 gold pieces
 28926 | Orc:2    | Identified a scroll of acquirement
 29239 | D:13     | Noticed Jorgrun
 29317 | D:13     | Killed Jorgrun
 29533 | D:13     | Reached skill level 5 in Charms
 30065 | D:13     | Found a runed translucent door.
 30071 | D:13     | Noticed a war gargoyle
 30402 | D:14     | Noticed Frances
 30925 | D:14     | Reached XP level 15. HP: 78/79 MP: 26/37
 31156 | D:14     | Killed Frances
 31309 | D:14     | Found a runed translucent door.
 31451 | D:14     | Found a gate to the Vaults.
 31695 | D:14     | Identified Roxanne's Incunabulum of the Mountains
 31695 | D:14     | Noticed Roxanne
 31698 | D:14     | Got a faintly glowing falchion
 31763 | D:14     | Found a runed translucent gate.
 31764 | D:14     | Found a runed translucent gate.
 31765 | D:14     | Found a runed translucent gate.
 31766 | D:14     | Noticed Lyshog's ghost (adept GrEE)
 31766 | D:14     | Noticed Yrugaosi's ghost (journeyman OgTm)
 32110 | D:14     | Learned a level 3 spell: Regeneration
 32268 | D:14     | Killed Roxanne
 32277 | D:14     | Identified Unye's Handbook of the Arsonist
 32346 | D:15     | Entered Level 15 of the Dungeon
 32456 | D:15     | Found Liurghesm's Magic Scroll Boutique.
 32580 | D:15     | Bought a scroll of identify for 32 gold pieces
 32580 | D:15     | Identified the cursed +0 falchion "Monied" {freeze, rElec
                  | MR+ Str+4} (You found it on level 14 of the Dungeon)
 33062 | D:15     | Found a shattered altar of Ashenzari.
 33415 | D:15     | Found Micrehul's Assorted Antiques.
 33506 | D:15     | Got a coiled sapphire amulet
 33562 | D:15     | Found Rionixuf's Jewellery Emporium.
 33572 | D:15     | Bought an uncursed amulet of magic regeneration for 420
                  | gold pieces
 33620 | D:15     | Found Axzuonn's Antique Weapon Emporium.
 33682 | D:15     | Found Sacza's General Store.
 33690 | D:15     | Bought a scroll of blinking for 127 gold pieces
 33720 | D:15     | Reached skill level 5 in Air Magic
 33860 | D:15     | Found a staircase to the Depths.
 34207 | D:15     | Bought a scroll of identify for 32 gold pieces
 34207 | D:15     | Identified the amulet of Tytit {Faith Slay+5} (You found it
                  | on level 15 of the Dungeon)
 34390 | Snake:1  | Entered Level 1 of the Snake Pit
 34789 | Snake:1  | You fall into a shaft and drop 1 floor!
 34790 | Snake:2  | Noticed a nagaraja
 35088 | Snake:2  | Reached skill level 10 in Fighting
 35381 | Snake:2  | Reached skill level 18 in Spellcasting
 35417 | Snake:2  | Offered knowledge of Spellforged Servitor by Vehumet.
 35426 | Snake:2  | Learned a level 7 spell: Spellforged Servitor
 36012 | Snake:2  | Reached XP level 16. HP: 85/85 MP: 22/39
 37052 | Snake:1  | Reached skill level 10 in Charms
 37743 | Snake:3  | Found Iluakhy's Armour Shop.
 37747 | Snake:3  | Found Moral Quipp's Antique Armour Boutique.
 38647 | Snake:3  | Found Luw Sut Rot's Distillery.
 38655 | Snake:3  | Bought 2 potions of heal wounds for 210 gold pieces
 38655 | Snake:3  | Bought a potion of heal wounds for 105 gold pieces
 38887 | Snake:3  | Found a runed translucent door.
 38969 | Snake:3  | Offered knowledge of Conjure Ball Lightning by Vehumet.
 39819 | Snake:4  | Entered Level 4 of the Snake Pit
 40002 | Shoals:1 | Entered Level 1 of the Shoals
 40006 | Shoals:1 | Noticed Aizul
 40244 | Shoals:1 | Found a snail-covered altar of Cheibriados.
 40565 | Shoals:1 | Reached skill level 10 in Evocations
 40642 | Shoals:1 | Reached skill level 1 in Summonings
 41528 | Shoals:2 | Reached skill level 19 in Spellcasting
 42157 | Shoals:2 | Reached XP level 17. HP: 89/89 MP: 31/41
 42469 | Shoals:2 | Noticed Polyphemus
 42738 | Shoals:2 | Noticed Polyphemus
 42738 | Shoals:2 | Polyphemus changed into Polyphemus the alligator snapping
                  | turtle
 42765 | Shoals:2 | Killed Polyphemus the alligator snapping turtle
 43013 | Shoals:2 | Got an encrusted war axe
 43792 | Shoals:4 | Entered Level 4 of the Shoals
 44018 | Shoals:4 | Reached skill level 10 in Earth Magic
 44455 | Shoals:4 | Offered knowledge of Freezing Cloud by Vehumet.
 45108 | Shoals:4 | Identified the cursed +0 scale mail of Gycluwne {rC+ rCorr
                  | Int-4}
 45205 | Shoals:4 | Identified the ring of Oruhaire {*Tele Slay+3}
 45297 | Shoals:4 | Noticed a kraken
 45347 | Shoals:4 | Identified the +3 war axe "Osioroxa" {chop, Int+2 Dex+2}
                  | (You found it on level 2 of the Shoals)
 45724 | Shoals:3 | Learned a level 8 spell: Ignition
 45740 | Shoals:4 | Got a barnacled rune of Zot
 45847 | Shoals:4 | Identified the +9 hand crossbow "Cagific" {velocity, rN+
                  | Stlth+}
 46061 | Shoals:4 | Identified the +1 leather armour "Miypiol" {*Slow Str+3
                  | Int+2}
 46943 | Snake:4  | Reached skill level 10 in Fire Magic
 47056 | Snake:4  | Reached XP level 18. HP: 95/95 MP: 31/42
 47153 | Snake:4  | Noticed Asterion
 47177 | Snake:4  | Killed Asterion
 47203 | Snake:4  | Reached ****** piety under Vehumet
 47203 | Snake:4  | Reached skill level 5 in Summonings
 47678 | Snake:4  | Offered knowledge of Fire Storm by Vehumet.
 47678 | Snake:4  | Offered knowledge of Glaciate by Vehumet.
 47678 | Snake:4  | Offered knowledge of Tornado by Vehumet.
 48435 | Snake:4  | Got a serpentine rune of Zot
 48867 | Elf:1    | Entered Level 1 of the Elven Halls
 49001 | Elf:1    | Reached skill level 20 in Spellcasting
 49040 | Elf:1    | Found a flickering gateway to a bazaar.
 49066 | Bazaar   | Entered a bazaar
 49066 | Bazaar   | Found Toshon's General Store.
 49066 | Bazaar   | Found Upsas's Weapon Shoppe.
 49066 | Bazaar   | Found Gefo's Gadget Emporium.
 49131 | Bazaar   | Found Baejasim's Armour Emporium.
 49145 | Bazaar   | Bought a scroll of enchant armour for 67 gold pieces
 49145 | Bazaar   | Bought a potion of heal wounds for 45 gold pieces
 49148 | Bazaar   | Bought a wand of digging (5) for 216 gold pieces
 49148 | Bazaar   | Bought a wand of paralysis (3) for 60 gold pieces
 49148 | Bazaar   | Bought a box of beasts for 240 gold pieces
 50297 | Elf:2    | Found Nyshroegu's Antique Armour Shop.
 50566 | Elf:2    | Learned a level 1 spell: Apportation
 50824 | Elf:2    | Found a runed translucent gate.
 50824 | Elf:2    | Found a runed translucent gate.
 50826 | Elf:2    | Found a runed translucent gate.
 51009 | Elf:3    | Entered Level 3 of the Elven Halls
 51621 | Elf:3    | Reached XP level 19. HP: 100/100 MP: 38/44
 51910 | Elf:3    | Identified the ring of Harmony {+Inv rC+ MR- rCorr Int+3}
 52078 | Elf:3    | Found the +2 cloak of the Thief {+Fog Slay-2 SInv Stlth+}
 52079 | Elf:3    | Identified the Guide on the Assistive Blaze
 52083 | Elf:3    | Identified Vawomeum's Handbook of the Arsonist
 52101 | Elf:3    | Identified the +12 hunting sling "Sugik" {flame, Str+3}
                  | (You found it on level 3 of the Elven Halls)
 52104 | Elf:3    | Identified the ring "Jefyuv" {+Fly rElec rCorr} (You found
                  | it on level 3 of the Elven Halls)
 52117 | Elf:3    | Identified Kowkya's Grimoire of Earth and the Voyage
 52587 | Vaults:1 | Entered Level 1 of the Vaults
 53020 | Vaults:1 | Reached skill level 15 in Dodging
 54060 | Vaults:1 | Found Viamel's Antique Weapon Shop.
 54709 | Vaults:2 | Reached XP level 20. HP: 79/106 MP: 36/45
 55418 | Vaults:2 | Reached skill level 21 in Spellcasting
 55959 | Vaults:2 | Noticed Mennas
 56020 | Vaults:2 | Killed Mennas
 57309 | Vaults:3 | Found a staircase to the Crypt.
 57673 | Vaults:3 | Reached XP level 21. HP: 112/112 MP: 42/47
 58351 | Vaults:3 | Identified the Grimoire of Confrontation
 58418 | Vaults:3 | Learned a level 7 spell: Orb of Destruction
 58424 | Vaults:3 | Learned a level 5 spell: Dispel Undead
 58427 | Vaults:3 | Learned a level 2 spell: Swiftness
 58427 | Vaults:3 | Found Ysamoa's General Store.
 58516 | Vaults:3 | Bought a potion of resistance for 130 gold pieces
 58747 | Vaults:4 | Reached skill level 1 in Necromancy
 59009 | Vaults:4 | Noticed Donald
 59012 | Vaults:4 | Killed Donald
 59562 | Vaults:4 | Noticed Sojobo
 59571 | Vaults:4 | Killed Sojobo
 60619 | Depths:1 | Entered Level 1 of the Depths
 60745 | Depths:1 | Found a gateway to Hell.
 61953 | D:6      | Bought a book of Minor Magic for 220 gold pieces
 61957 | D:6      | Learned a level 2 spell: Blink
 62258 | Depths:1 | Got an ancient glass ring
 62259 | Depths:1 | Identified the ring "Qugrelela" {-Tele +Fly Int+3 Stlth-}
                  | (You found it on level 1 of the Depths)
 62517 | Depths:2 | Reached skill level 1 in Translocations
 62726 | Depths:2 | Reached XP level 22. HP: 118/118 MP: 47/48
 62948 | Depths:2 | Reached skill level 15 in Fire Magic
 63236 | Depths:2 | Reached skill level 22 in Spellcasting
 63331 | Depths:2 | Noticed a caustic shrike
 63332 | Depths:2 | Noticed a caustic shrike
 63332 | Depths:2 | Noticed a caustic shrike
 63334 | Depths:2 | Noticed a caustic shrike
 63335 | Depths:2 | Killed a caustic shrike
 63337 | Depths:2 | Killed a caustic shrike
 63337 | Depths:2 | Killed a caustic shrike
 63340 | Depths:2 | Reached skill level 5 in Necromancy
 63341 | Depths:2 | Killed a caustic shrike
 63341 | Depths:2 | Reached skill level 5 in Translocations
 63778 | Depths:2 | Noticed a caustic shrike
 63783 | Depths:2 | Noticed a caustic shrike
 63964 | Depths:2 | Noticed a caustic shrike
 63964 | Depths:2 | Noticed a caustic shrike
 63966 | Depths:2 | Noticed a caustic shrike
 63968 | Depths:2 | Noticed a caustic shrike
 63968 | Depths:2 | Noticed a caustic shrike
 63971 | Depths:2 | Killed a caustic shrike
 63972 | Depths:2 | Killed a caustic shrike
 63973 | Depths:2 | Killed a caustic shrike
 63973 | Depths:2 | Killed a caustic shrike
 63973 | Depths:2 | Reached skill level 15 in Evocations
 63974 | Depths:2 | Killed a caustic shrike
 64103 | Depths:2 | Noticed a juggernaut
 64114 | Depths:2 | Killed a juggernaut
 64511 | Depths:2 | Noticed a caustic shrike
 64511 | Depths:2 | Noticed a caustic shrike
 64512 | Depths:2 | Noticed a caustic shrike
 64519 | Depths:2 | Killed a caustic shrike
 64519 | Depths:2 | Killed a caustic shrike
 64520 | Depths:2 | Mangled by a caustic shrike

Levels and vault maps discovered:
D:1:      minmay_arrival_cross, layout_loops_ring
D:2:      layout_basic
D:3:      layout_loops_cross, chequers_ecumenical_altar_island, first_ration,
          kennysheep_generic_room_8
D:4:      layout_basic, portal_sewer_entry_f, kennysheep_nub,
          kennysheep_diamond, minmay_tree_intersection, minmay_strange_pillars,
          chequers_serial_rivers_marsh, kennysheep_generic_room_11, uniq_pikel
D:5:      layout_basic, old_standard_altar, sigmund_edmund_badplayer, uniq_ijyb
D:6:      layout_layer_cave, serial_shops, kennysheep_mini, basic_altar
D:7:      wad_lake_hut, layout_basic, minmay_temple_entry_tees
D:8:      layout_gridville, nicolae_ossuary_entry_monument
D:9:      layout_long_grid, david_lair_shrubbed, hangedman_little_slice_of_home,
          uniq_grum
D:10:     layout_cross, chequers_serial_rivers_small_3, hex_medium
D:11:     layout_irregular_city
D:12:     layout_gridville, erik_orc_2, serial_shops, shop, uniq_nessos,
          uniq_rupert
D:13:     layout_irregular_city, minmay_hidden_floor, uniq_jorgrun
D:14:     layout_long_grid, david_vaults_1, minmay_misc_feat_doors,
          gammafunk_ghost_cemetery, minivault_13, uniq_frances, uniq_roxanne
D:15:     grunt_enter_depths_magical_seal, layout_stronghold, ashenzari_altar_1,
          serial_shops, nicolae_shop_competitors_out_of_business,
          nicolae_shop_stone, shop_coins, shop, nicolae_shop_waterfront
Temple:   compressed_dpeg_circular_temple
Lair:1:   layout_long_grid, grunt_megastairs_1, infiniplex_staircase_pool
Lair:2:   layout_cave_pods, portal_ice_cave_entry_pillars_1,
          grunt_forest_stairs_basic, grunt_megastairs_3
Lair:3:   layout_regular_city, minmay_snake_entry_guardpost_small,
          columned_hall_lemuel
Lair:4:   layout_long_grid, shoals_dummy_entry, serial_bayou,
          serial_bayou_lagoon_a, serial_bayou_shore_a, serial_bayou_shore_b,
          serial_bayou_pond_b, cheibrodos_lair_caveside_slide,
          guppyfry_lair_drakes, minmay_lair_oklob_chamber, serial_bayou_shore_b
Lair:5:   layout_loops_ring, minmay_holes, uniq_snorg
Lair:6:   cheibrodos_lair_end_hotspot, layout_hall_layers,
          minmay_slime_entry_oklob_open, uniq_josephine
Shoals:1: layout_shoals, nicolae_shoals_square_sea_wall, lemuel_altar_in_water,
          uniq_aizul
Shoals:2: layout_shoals, nicolae_shoals_stone_sculpture_thing, uniq_polyphemus
Shoals:3: layout_shoals
Shoals:4: shoals_end_grunt_ice, layout_shoals
Snake:1:  layout_concentric_octagons
Snake:2:  layout_basic, drop_trap, grunt_megastairs_2
Snake:3:  layout_grid_maze, serial_shops, shop_fountains, grunt_ministairs_3,
          lightli_airlock, lemuel_fruit_tree, minmay_shoptagon
Snake:4:  minmay_snake_end_coiled, layout_cave_town, uniq_asterion
Orc:1:    layout_caves, led_sif_book, uniq_harold
Orc:2:    st_orc_elflike, layout_diamond_mine, basic_altar, serial_shops,
          nicolae_shop_stone, mines4_lemuel, uniq_saint_roka
Elf:1:    elf_arrival_002, layout_loops_cross, serial_shops, bzr_entry_islet,
          evilmike_minifort
Elf:2:    layout_geoelf_grid, serial_co_window_serial, co_window_paths_b,
          co_window_corner_a, co_window_paths_a, co_window_paths_b,
          co_window_corner_a, co_window_of_opportunity_b, glass_columns_a,
          glass_columns_a, serial_shops, nicolae_shop_trees
Elf:3:    elf_hall, layout_geoelf_grid
Vaults:1: vaults_mumra_chevron_long, hangedman_vaults_stitches,
          hangedman_vaults_stretched_pinwheel, st_spiral_rooms,
          hangedman_vaults_capsules, v_misc_10, ontoclasm_vaults_pinch,
          vaults_room_semicircle, nicolae_vaults_diagonal_hallway_9,
          layout_vaults_big_room, serial_shops, shop
Vaults:2: v_alt_pattern_6, vaults_mumra_chevron, v_misc_26,
          grunt_vaults_trifunnel, vaults_dpeg_encased_lava,
          vaults_room_door_hall, dpeg_vaults_monster_box, vaults_room_door_hall,
          layout_vaults_quadrants, uniq_mennas
Vaults:3: vaults_room_boxed, nicolae_vaults_little_squares_1,
          vaults_mumra_minichess, minmay_crypt_entry_nasty_monster, v_misc_22,
          hangedman_vaults_stream, grunt_vaults_funnel,
          hangedman_vaults_variations, v_misc_9, st_cells,
          vaults_room_mumra_shop_pool, v_misc_14, layout_vaults_maze_snakey
Vaults:4: v_misc_32, nicolae_vaults_triangles,
          nicolae_vaults_stairing_the_circle, v_rooms_3, ontoclasm_vaults_fault,
          v_misc_8, nicolae_vaults_little_squares_3, v_misc_30, v_misc_17,
          nicolae_vaults_mini_display_case, grunt_vaults_hallway_long,
          v_alt_pattern_1, grunt_vaults_focal, layout_vaults_ring, uniq_sojobo,
          uniq_donald
Depths:1: layout_gridville, hex_tiny, hell_entry, drop_trap,
          grunt_ministairs_12, nicolae_sextant, minmay_misc_feat_nine_boxes,
          minmay_fire_ice_demons
Depths:2: grunt_twisty_corner, layout_long_grid, hell_entry,
          serial_bayou_pond_e, infiniplex_staircase_zigzag_4

Skill      XL: |  1  2  3  4  5  6  7  8  9 10 11 12 13 14 15 16 17 18 19 20 21 22 |
---------------+-------------------------------------------------------------------+-----
Spellcasting   | 3 4 6 8 9 12 14 15 16 17 18 19 20 21 22 | 22.8
Stealth        | 4 5 |  5.1
Fire Magic     | 4 6 7 8 9 10 11 12 13 14 15 | 15.0
Conjurations   | 1 3 4 5 6 7 9 |  9.0
Fighting       | 1 2 3 5 7 8 9 10 11 12 13 14 | 14.2
Evocations     | 3 5 7 10 12 13 15 | 15.0
Dodging        | 4 7 8 10 12 14 15 16 17 18 | 18.0
Earth Magic    | 2 5 6 8 9 10 | 10.0
Charms         | 5 9 11 12 | 12.7
Air Magic      | 3 6 |  6.0
Summonings     | 2 4 6 7 8 |  8.0
Necromancy     | 4 5 |  5.0
Translocations | 2 5 |  5.2

Action                   |  1- 3 |  4- 6 |  7- 9 | 10-12 | 13-15 | 16-18 | 19-21 | 22-24 || total
-------------------------+-------+-------+-------+-------+-------+-------+-------+-------++-------
Melee: Hand axe          |     2 |     2 |     3 |     5 |       |       |       |       ||    12
       Unarmed           |     1 |     3 |       |       |       |       |       |       ||     4
       Short sword       |       |       |     1 |       |       |       |       |       ||     1
       Whip              |       |       |       |    88 |    45 |       |       |       ||   133
       Staff             |       |       |       |       |     6 |     1 |     7 |       ||    14
 Cast: Flame Tongue      |    60 |    98 |   222 |   345 |   452 |   127 |       |       ||  1304
       Throw Flame       |     5 |    25 |   104 |   132 |   116 |   279 |       |       ||   661
       Conjure Flame     |       |     1 |    20 |    38 |    31 |     6 |       |       ||    96
       Sticky Flame      |       |       |     9 |    75 |    81 |    35 |       |       ||   200
       Fireball          |       |       |       |    28 |   113 |   226 |   158 |    18 ||   543
       Bolt of Magma     |       |       |       |       |   135 |   272 |   424 |    54 ||   885
       Deflect Missiles  |       |       |       |       |     3 |     7 |     7 |     1 ||    18
       Iron Shot         |       |       |       |       |    18 |    84 |   123 |    32 ||   257
       Spellforged Servi |       |       |       |       |       |     5 |     3 |     1 ||     9
       Ignition          |       |       |       |       |       |     2 |    26 |    20 ||    48
       Orb of Destructio |       |       |       |       |       |       |       |     5 ||     5
Evoke: Wand              |       |       |       |    12 |    40 |    16 |     1 |     4 ||    73
       Sack of spiders   |       |       |       |       |       |     1 |     1 |       ||     2
       Box of beasts     |       |       |       |       |       |       |     3 |       ||     3
       Lamp of fire      |       |       |       |       |       |       |     1 |       ||     1
       Phial of floods   |       |       |       |       |       |       |     1 |       ||     1
       Phantom mirror    |       |       |       |       |       |       |     1 |       ||     1
  Use: Potion            |       |     1 |       |       |     6 |     7 |     3 |       ||    17
       Scroll            |       |       |    12 |     8 |    18 |    11 |     9 |     4 ||    62
 Stab: Paralysed         |       |       |       |       |     3 |       |       |       ||     3
  Eat: Ration            |       |     1 |     3 |     6 |    14 |    17 |    10 |     4 ||    55
Armor: Robe              |     1 |     6 |     5 |    24 |    34 |    22 |     4 |     2 ||    98
       Skin              |       |     5 |       |       |       |       |       |       ||     5
Dodge: Dodged            |    14 |    12 |    41 |   261 |   357 |   351 |   185 |    63 ||  1284
       Deflected         |       |       |       |       |    23 |    68 |    45 |     3 ||   139
Block: Buckler           |       |       |    19 |   105 |    54 |       |       |       ||   178
